 Dungeon Crawl Stone Soup version 0.28.0-53-g5a82cb258f (webtiles) character file.

Game seed: 6819829953720194800

6135 Plasmagod the Cleaver (level 10, -7/88 HPs)
             Began as a Minotaur Fighter on July 23, 2022.
             Was a Follower of Okawaru.
             Mangled by a yak (11 damage)
             ... on level 9 of the Dungeon.
             The game lasted 00:14:44 (8938 turns).

Plasmagod the Cleaver (Minotaur Fighter)            Turns: 8938, Time: 00:14:44

Health: -7/88      AC: 16    Str: 24    XL:     10   Next: 59%
Magic:  10/10      EV:  7    Int:  5    God:    Okawaru [*.....]
Gold:   524        SH:  5    Dex: 11    Spells: 9/9 levels left

rFire   . . .      SeeInvis .   D - +4 scimitar (freeze)
rCold   . . .      Faith    .   c - +0 buckler
rNeg    . . .      Spirit   .   z - +0 plate armour
rPois   .          Reflect  .   (helmet restricted)
rElec   .          Harm     .   A - +0 cloak
rCorr   .          Rampage  .   (no gloves)
Will    .....                   (no boots)
Stlth   ..........              (no amulet)
HPRegen 0.24/turn               (no ring)
MPRegen 0.12/turn               (no ring)

@: mighty, silenced
A: horns 2, retaliatory headbutt, high MP 1, wild magic 1
a: Renounce Religion


You were on level 9 of the Dungeon.
You worshipped Okawaru.
Okawaru was aware of your devotion.
You visited 2 branches of the dungeon, and saw 10 of its levels.

You collected 524 gold pieces.

Inventory:

Hand Weapons
 a - a +0 war axe
 D - a +4 scimitar of freezing (weapon)
Missiles
 l - 4 javelins (quivered)
Armour
 c - a +0 buckler (worn)
 z - a +0 plate armour (worn)
 A - a +0 cloak (worn)
Jewellery
 s - a ring of magical power
 x - a ring of flight
 G - a ring of poison resistance
Wands
 q - a wand of mindburst (10)
 v - a wand of charming (4)
 w - a wand of flame (72)
 y - a wand of digging (4)
 B - a wand of polymorph (8)
 H - a wand of paralysis (8)
Scrolls
 f - 6 scrolls of identify {unknown}
 g - 4 scrolls of enchant armour {unknown}
 m - 2 scrolls of fear {unknown}
 o - 4 scrolls of teleportation {unknown}
 p - 3 scrolls of vulnerability {unknown}
 u - 2 scrolls of noise {unknown}
 C - 2 scrolls of amnesia {unknown}
 E - 3 scrolls of fog {unknown}
Potions
 b - 5 potions of mutation
 d - a potion of might
 e - 2 potions of attraction {unknown}
 h - a potion of magic {unknown}
 i - 4 potions of haste {unknown}
 j - 3 potions of flight {unknown}
 k - 3 potions of lignification {unknown}
 n - 2 potions of resistance {unknown}
 F - 2 potions of curing {unknown}


   Skills:
 + Level 7.9 Fighting
 + Level 3.6 Long Blades
 + Level 13.0 Axes
 + Level 10.3 Armour
 + Level 2.2 Dodging
 + Level 1.0 Stealth
 + Level 7.0 Shields


You had 9 spell levels left.
You didn't know any spells.
Your spell library contained the following spells:

 Spells                   Type           Power      Damage    Failure   Level
 Magic Dart               Conj           0%         1d3       100%        1
 Slow                     Hex            0%         N/A       100%        1
 Sting                    Tmut/Pois      0%         1d3       100%        1
 Poisonous Vapours        Pois/Air       0%         N/A       100%        2
 Confusing Touch          Hex            0%         N/A       100%        3
 Mephitic Cloud           Conj/Pois/Air  0%         N/A       100%        3
 Portal Projectile        Hex/Tloc       0%         N/A       100%        3
 Stone Arrow              Conj/Erth      0%         3d7       100%        3
 Vampiric Draining        Necr           0%         2d6       100%        3
 Leda's Liquefaction      Hex/Erth       0%         N/A       100%        4
 Olgreb's Toxic Radiance  Pois           0%         N/A       100%        4
 Borgnjor's Vile Clutch   Necr/Erth      0%         N/A       100%        5
 Fireball                 Conj/Fire      0%         3d3       100%        5
 Iskenderun's Battlesphe  Conj           0%         2d6       100%        5
 Lightning Bolt           Conj/Air       0%         1d11      100%        5
 Starburst                Conj/Fire      0%         6d3       100%        6
 Ignition                 Fire           0%         3d3       100%        8
 Lehudib's Crystal Spear  Conj/Erth      0%         10d2      100%        8
 Summon Small Mammal      Summ           Unusable   N/A       N/A         1
 Call Imp                 Summ           Unusable   N/A       N/A         2
 Call Canine Familiar     Summ           Unusable   N/A       N/A         3
 Summon Guardian Golem    Hex/Summ       Unusable   N/A       N/A         3
 Animate Armour           Summ/Erth      Unusable   N/A       N/A         4
 Animate Dead             Necr           Unusable   N/A       N/A         4
 Summon Forest            Summ/Tloc      Unusable   N/A       N/A         5
 Death Channel            Necr           Unusable   N/A       N/A         6

Dungeon Overview and Level Annotations

Branches:
Dungeon (9/15)             Temple (1/1) D:7
   Lair: D:8-11         Orc: D:9-12

Altars:
Ashenzari
Dithmenos
Elyvilon
Fedhas
Gozag
Kikubaaqudgha
Makhleb
Okawaru
Qazlal
Ru
Sif Muna
Trog
Uskayaw
Wu Jian
Xom
Yredelemnul

Shops:
D:2 :   D:7 ?

Annotations:
D:5 2 transporters, kalagan's ghost, novice DECj
D:7 1 runed translucent door, duchin's ghost, novice DECj


Innate Abilities, Weirdness & Mutations

You have a pair of horns on your head.
You reflexively headbutt those who attack you in melee.
You have an increased reservoir of magic. (+10% MP)
Your spells are a little harder to cast, but a little more powerful.


Message History

The centaur shoots an arrow.
The arrow closely misses you. You block the yak's attack.
Your Shields skill increases to level 7!
Okay, then.
As you read the scroll labelled XEBUDE PUUG, it crumbles to dust.
A profound silence engulfs you.
It was a scroll of silence.
The centaur shoots an arrow.
Something hits you but does no damage. The orc wizard barely misses you.
The yak gores you but does no damage.
Magic scrolls do not work when you're silenced!
You barely miss the orc wizard.
The orc wizard is heavily wounded.
Something hits you.
* * * LOW HITPOINT WARNING * * *
The orc wizard hits you but does no damage.
The centaur shoots an arrow.
Reactivating autopickup.
The yak gores you.
* * * LOW HITPOINT WARNING * * *
You feel much better.
The centaur shoots an arrow.
The arrow hits you.
* * * LOW HITPOINT WARNING * * *
The orc wizard hits you but does no damage.
The yak gores you!
* * * LOW HITPOINT WARNING * * *
You barely miss the orc wizard. Your headbutt misses the orc wizard.
The orc wizard is heavily wounded.
The orc hits you but does no damage.
The orc wizard hits you with a +0 dagger.
* * * LOW HITPOINT WARNING * * *
The yak gores you!
* * * LOW HITPOINT WARNING * * *
You barely miss the orc wizard.
The orc wizard is heavily wounded.
You block the orc wizard's attack. The yak barely misses you.
The orc wizard hits you but does no damage.
You closely miss the orc wizard.
The orc wizard is heavily wounded.
The yak barely misses you. The yak gores you.
* * * LOW HITPOINT WARNING * * *
You block the orc wizard's attack. The yak gores you!
You die... ##....#.....# .#....'.....# ....... #######.....# ....... #......###### ....... #......# ....... #......# oD..... ').....# ooo....

#......##########Yoo....
###'##..........@Yco....
##...#..........o######.
.#...#...........#
.#...#...........#
.#.<.#...........#
.'...'...........#
.#...#.<.........#
.#####...........#
#......#######+


You could see 2 yaks, a steam dragon (unsilenced), a centaur, an orc wizard and
7 orcs.

Vanquished Creatures
  Harold (D:7)
  A two-headed ogre (D:9)
  2 slime creatures (D:8)
  2 wyverns (D:8)
  A steam dragon (D:8)
  6 yaks
  Menkaure (D:7)
  A water moccasin (D:7)
  The ghost of Hyperion the Chiller, an amateur VSIE (D:3)
  2 black bears (D:4)
  4 orc warriors
  A necrophage (D:6)
  2 ogres (D:4)
  3 centaurs
  3 kobold brigands (D:8)
  2 bullfrogs (D:8)
  4 killer bees
  4 wights (D:8)
  The ghost of shaman420 the Vexing, a weakling OpAM (D:3)
  2 centaur zombies
  Crazy Yiuf (D:7)
  3 hounds
  2 centaur skeletons
  7 orc priests
  5 jellies
  2 bullfrog skeletons (D:5)
  2 iguanas
  6 orc wizards
  2 scorpion zombies (D:5)
  2 killer bee zombies
  A howler monkey zombie (D:6)
  A hound skeleton (D:2)
  6 gnolls
  12 adders
  A white imp (D:6)
  An ufetubus (D:7)
  3 worms
  4 dart slugs
  22 orcs
  7 ball pythons
  2 bats
  9 endoplasms
  A giant cockroach (D:2)
  4 goblins
  7 hobgoblins
  4 quokkas
  3 frilled lizards
  6 kobolds
  A rat (D:1)
171 creatures vanquished.

Vanquished Creatures (others)
  2 orc wizards (D:9)
  A fungus (D:8)
  6 plants (D:5)
  2 toadstools (D:8)
  6 withered plants (D:3)
17 creatures vanquished.

Grand Total: 188 creatures vanquished

Notes
Turn   | Place    | Note
-------+----------+-------------------------------------------
     0 | D:1      | Plasmagod the Minotaur Fighter began the quest for the Orb.
     0 | D:1      | Reached XP level 1. HP: 19/19 MP: 0/0
   162 | D:1      | Reached XP level 2. HP: 21/27 MP: 1/1
   437 | D:1      | Reached XP level 3. HP: 30/33 MP: 2/2
   893 | D:2      | Reached skill level 3 in Axes
   914 | D:2      | Reached XP level 4. HP: 39/41 MP: 3/3
  1027 | D:2      | Reached skill level 1 in Dodging
  1062 | D:2      | Found Diaphikue's Book Boutique.
  1176 | D:2      | Reached skill level 4 in Axes
  1176 | D:2      | Reached XP level 5. HP: 47/47 MP: 4/4
  1531 | D:3      | Found a faded altar of an unknown god.
  1627 | D:3      | Found a runed translucent gate.
  1627 | D:3      | Found a runed translucent gate.
  1627 | D:3      | Found a runed translucent gate.
  1629 | D:3      | Noticed Hyperion's ghost (amateur VSIE)
  1629 | D:3      | Noticed shaman420's ghost (weakling OpAM)
  2240 | D:4      | Noticed a black bear
  2250 | D:4      | Killed a black bear
  2251 | D:4      | Reached skill level 5 in Axes
  2251 | D:4      | Reached skill level 5 in Armour
  2251 | D:4      | Reached XP level 6. HP: 33/53 MP: 5/5
  2681 | D:4      | Reached skill level 5 in Fighting
  2914 | D:4      | Reached skill level 6 in Axes
  3067 | D:4      | Reached XP level 7. HP: 52/61 MP: 6/6
  3389 | D:5      | Entered Level 5 of the Dungeon
  3621 | D:5      | Found a transporter.
  3633 | D:5      | Noticed kalagan's ghost (novice DECj)
  3841 | D:5      | Reached skill level 7 in Axes
  4138 | D:5      | Identified the ring "Qysem" {+Blink rPois MP+9}
  4161 | D:5      | Found a transporter.
  4244 | D:6      | Reached skill level 5 in Shields
  4345 | D:6      | Reached XP level 8. HP: 66/68 MP: 7/7
  4419 | D:6      | Reached skill level 8 in Axes
  4837 | D:6      | Found a white marble altar of Elyvilon.
  5155 | D:3      | Killed Hyperion's ghost
  5156 | D:3      | Reached skill level 9 in Axes
  5160 | D:3      | Killed shaman420's ghost
  5355 | D:7      | Noticed Menkaure
  5589 | D:7      | HP: 2/70 [yak (12)]
  5590 | D:7      | Gained mutation: You have an increased reservoir of magic.
                  | (+10% MP) [potion of mutation]
  5590 | D:7      | Gained mutation: Your spells are a little harder to cast,
                  | but a little more powerful. [potion of mutation]
  5599 | D:7      | Reached skill level 10 in Axes
  5599 | D:7      | Reached XP level 9. HP: 16/75 MP: 8/8
  5869 | D:7      | Noticed Harold
  5890 | D:7      | Killed Harold
  5891 | D:7      | Reached skill level 1 in Stealth
  5920 | D:7      | Killed Menkaure
  5921 | D:7      | Reached skill level 11 in Axes
  6482 | D:7      | Found a staircase to the Ecumenical Temple.
  6691 | D:7      | Found Esogh's Magic Scroll Shoppe.
  6745 | D:7      | Found a runed translucent door.
  6746 | D:7      | Found a shimmering altar of Xom.
  6746 | D:7      | Noticed duchin's ghost (novice DECj)
  6746 | D:7      | Noticed a +3 spear of chaos
  6820 | D:7      | Found a runed translucent door.
  6821 | D:7      | Noticed Crazy Yiuf
  6925 | D:7      | Killed Crazy Yiuf
  7159 | D:8      | Reached skill level 12 in Axes
  7446 | D:8      | Reached XP level 10. HP: 86/86 MP: 10/10
  8123 | D:8      | Got Hualitom's Collected Works on Creative Confrontation
  8297 | Temple   | Entered the Ecumenical Temple
  8409 | Temple   | Became a worshipper of Warmaster Okawaru
  8517 | D:9      | Noticed a two-headed ogre
  8529 | D:9      | Killed a two-headed ogre
  8529 | D:9      | Reached * piety under Okawaru
  8530 | D:9      | Reached skill level 13 in Axes
  8530 | D:9      | Reached skill level 10 in Armour
  8913 | D:9      | Identified the +6 halberd of Gallantry {venom, rC+ rCorr}
  8934 | D:9      | HP: 3/88 [yak (2)]
  8938 | D:9      | Mangled by a yak

Illustrated notes

Levels and vault maps discovered:
D:1:      amcnicky_arrival_choice, layout_loops_ring
D:2:      layout_basic, serial_shops, shop, minmay_misc_feat_iff
D:3:      layout_loops_ring, gammafunk_ghost_cemetery,
          hellmonk_ecumenical_altar_crossroads, minivault_27
D:4:      layout_basic, corexii_item_surrounded_by_moat
D:5:      layout_loops_ring, gammafunk_ghost_gnarly_gnolls,
          minmay_misc_feat_rows
D:6:      layout_cave_pools, nicolae_elyvilon_peaceful_grove
D:7:      layout_basic, minmay_temple_entry_from_below_b, ebering_ghost_xom,
          serial_shops, nicolae_shop_behind_doors, uniq_crazy_yiuf_cottage,
          uniq_harold, uniq_menkaure
D:8:      cheibrodos_fertilizer, layout_basic
D:9:      layout_gridville, orc_david_3, enter_bailey_2
Temple:   eino_temple_scatter_basement

Skill      XL: |  1  2  3  4  5  6  7  8  9 10 |
---------------+-------------------------------+-----
Fighting       | 4 5 6 7 |  7.9
Armour         | 4 5 7 8 9 10 | 10.3
Shields        | 4 5 6 7 |  7.0
Axes           | 3 4 5 6 7 10 12 13 | 13.0
Dodging        | 1 2 |  2.2
Stealth        | 1 |  1.0
Long Blades    | 3 |  3.6

Action                   |  1- 3 |  4- 6 |  7- 9 | 10-12 || total
-------------------------+-------+-------+-------+-------++-------
Melee: War axe           |    43 |   119 |   243 |    57 ||   462
       Headbutt          |     5 |    15 |    46 |    26 ||    92
       Scimitar          |       |       |       |    48 ||    48
  Use: Potion            |       |       |     3 |     3 ||     6
       Scroll            |       |       |       |     1 ||     1
Armor: Scale mail        |    15 |    22 |       |       ||    37
       Chain mail        |       |    53 |    97 |       ||   150
       Plate armour      |       |       |    43 |    76 ||   119
Dodge: Dodged            |    32 |    46 |   103 |    34 ||   215
Block: Buckler           |     9 |    33 |    65 |    29 ||   136
